 Dungeon Crawl Stone Soup version 0.17.0-28-g6e173f8 (webtiles) character file.

1638 sugabear the Skirmisher (level 8, -2/51 HPs)
             Began as a Gargoyle Gladiator on Dec 3, 2015.
             Was an Initiate of Nemelex Xobeh.
             Slain by a spriggan baker
             ... wielding a +0 dagger
              (8 damage)
             ... on level 7 of the Dungeon.
             The game lasted 00:18:34 (8736 turns).

sugabear the Skirmisher (Gargoyle Gladiator)        Turns: 8736, Time: 00:18:34

Health: -2/51      AC: 11    Str: 20    XL:     8   Next: 98%
Magic:  8/8        EV: 14    Int: 14    God:    Nemelex Xobeh [......]
Gold:   471        SH:  0    Dex: 13    Spells: 0 memorised, 7 levels left

rFire  + . .     SeeInvis +     v - +3 quarterstaff "Buit" {crush, +Blink rC- Dex+2}
rCold  x . .     Clarity  .     b - +0 leather armour
rNeg   + . .     SustAt   .     (shield currently unavailable)
rPois  ∞         Gourm    .     c - +0 helmet
rElec  +         Spirit   .     (no cloak)
rCorr  .         Warding  .     z - +0 pair of gloves of the Devil {rF+ Slay+3}
rMut   .         Stasis   .     (no boots)
MR     .....                    (no amulet)
Stlth  +++.......               (no ring)
                                k - ring of see invisible

@: brilliant, marked, not resistant to hostile enchantments, fairly stealthy
A: camouflage 1, see invisible, deterioration 1, negative energy resistance 1,
electricity resistance, unbreathing, petrification resistance, rot immunity, AC
+5
a: Renounce Religion, Evoke Blink


You were on level 7 of the Dungeon.
You worshipped Nemelex Xobeh.
Nemelex Xobeh was noncommittal.
You were hungry.

You visited 2 branches of the dungeon, and saw 8 of its levels.

You collected 471 gold pieces.

Inventory:

Hand Weapons
 a - a +0 flail
 v - the +3 quarterstaff "Buit" (weapon) {crush, +Blink rC- Dex+2}
   (You found it on level 5 of the Dungeon)

   It inflicts extra damage upon your enemies.
   It affects your dexterity (+2).
   It makes you vulnerable to cold.
   It lets you blink.
Missiles
 d - a throwing net (quivered)
Armour
 b - a +0 leather armour (worn)
 c - a +0 helmet (worn)
 z - the +0 pair of gloves of the Devil (worn) {rF+ Slay+3}
   (You found it on level 5 of the Dungeon)

   It affects your accuracy and damage with ranged weapons and melee attacks
   (+3).
   It protects you from fire.
Jewellery
 k - a ring of see invisible (left hand)
Wands
 x - a wand of random effects (14)
 B - a wand of disintegration (12)
 C - a wand of lightning (5)
Scrolls
 f - a scroll of recharging {unknown}
 g - 4 scrolls of identify
 i - 2 scrolls of enchant weapon
 j - 2 scrolls of teleportation {unknown}
 o - 2 scrolls of remove curse
 p - a scroll of magic mapping
 y - a scroll of fog {unknown}
Potions
 m - a potion of mutation
 n - 2 potions of heal wounds {unknown}
 q - 2 potions of curing
 t - a potion of poison {unknown}
 u - a potion of lignification {unknown}
 A - a potion of agility {unknown}
Books
 s - a book of Callings

   Spells                             Type                      Level
   a - Summon Small Mammal            Summoning                    1
   b - Call Imp                       Summoning                    2
   c - Call Canine Familiar           Summoning                    3
   d - Summon Guardian Golem          Hexes/Summoning              3
   e - Summon Lightning Spire         Summoning/Air                4
   f - Summon Ice Beast               Ice/Summoning                4
Comestibles
 e - 8 bread rations
 l - 5 meat rations
 r - 3 fruits
 w - a slice of pizza


   Skills:
 + Level 5.6 Fighting
 + Level 5.4(5.8) Maces & Flails
 + Level 3.1(4.6) Staves
 + Level 1.8 Throwing
 + Level 4.0 Armour
 + Level 5.6 Dodging
 + Level 4.2 Stealth


You had 7 spell levels left.
You didn't know any spells.

Dungeon Overview and Level Annotations

Branches:
Dungeon (7/15)             Temple (1/1) D:7

Altars:
Ashenzari
Cheibriados
Dithmenos
Elyvilon
Fedhas
Gozag
Kikubaaqudgha
Makhleb
Nemelex Xobeh
Okawaru
Qazlal
Ru
Sif Muna
Trog
Vehumet
Xom
Yredelemnul
Zin

Shops:
D:5 }


Innate Abilities, Weirdness & Mutations

You are resistant to torment.
Your stone body is resilient (AC +5).
You are immune to poison.
You resist negative energy.
You are resistant to electric shocks.
You can survive without breathing.
You are immune to petrification.
You are immune to rotting.
Your skin changes colour to match your surroundings (Stealth).
You have supernaturally acute eyesight.
Your body sometimes deteriorates upon taking damage.


Message History

Unknown command.
Drink which item? (? for menu, Esc to quit)
It was a potion of mutation.
You feel extremely strange.
Your skin functions as natural camouflage.
You feel yourself wasting away.
Your vision sharpens.
The orc warrior barely misses you.
The orc wizard casts a spell.
The orc wizard blinks!
The orc wizard casts a spell.
The orc wizard flickers and vanishes for a moment.
The spriggan baker hits you with a dagger.
* * * LOW HITPOINT WARNING * * *
Unknown command.
Drink which item? (? for menu, Esc to quit)
It was a potion of brilliance.
You feel clever all of a sudden. The orc warrior misses you.
The spriggan baker hits you with a dagger!
You die...
Your body disappears without a glow.

*,,,,,,,,,,,*
#.#.#**##**,**********
***********#....##.,,,,,,,*,,+,*,
,,,,,,,,,,.......#>***,****,****,
***********:......,**,,,***,,* *,
###### *#......,,,,*,,**'** *,
..<..# #....o#***,,,,**,****,
####.#######..%#o# **,*<,,,,,,,,
#....÷....##...#@# *,*********,
..........##...#i#####.#** *,
#.##.####.##....oo.....?,* *,
#.##.####.##....(......#,* *,
#...............Y#######,* **,
#.##.####..#####.#* *,* *,,
...#.......####...#** *,* *,*
......###.......#...* *,* *,*
.............##.).#.#***,* *,*


You could see an orc warrior, an ice beast, a spriggan baker and 3 orcs.

Vanquished Creatures
  3 ogres
  A gnoll sergeant (D:5)
  3 giant frogs
  A scorpion (D:5)
  A water moccasin skeleton (D:6)
  4 wights (D:6)
  2 crimson imps
  3 orc wizards
  Ijyb (D:3)
  2 hounds
  2 orc priests
  5 worker ants
  Terence (D:2)
  Natasha (thrice) (D:3 D:5)
  4 iguanas
  Robin (D:2)
  A worker ant zombie (D:5)
  4 gnolls (D:5)
  5 adders
  3 oozes
  4 worms
  6 giant geckos
  12 orcs
  2 ball pythons
  6 giant cockroaches
  11 goblins
  15 hobgoblins
  16 jackals
  7 quokkas
  A ball python zombie (D:5)
  6 bats
  2 giant gecko skeletons
  8 giant newts
  5 kobolds
  22 rats
  16 fungi (D:3)
189 creatures vanquished.

Notes
Turn   | Place    | Note
--------------------------------------------------------------
     0 | D:1      | sugabear the Gargoyle Gladiator began the quest for the Orb.
     0 | D:1      | Reached XP level 1. HP: 12/12 MP: 1/1
    93 | D:1      | Reached XP level 2. HP: 17/17 MP: 2/2
   872 | D:2      | Reached XP level 3. HP: 22/22 MP: 3/3
  1354 | D:2      | Noticed Robin
  1356 | D:2      | Reached XP level 4. HP: 27/27 MP: 4/4
  1370 | D:2      | Killed Robin
  1370 | D:2      | Reached skill level 1 in Armour
  2144 | D:2      | Noticed Terence
  2152 | D:2      | Killed Terence
  2152 | D:2      | Reached XP level 5. HP: 10/32 MP: 5/5
  2853 | D:3      | Reached skill level 4 in Maces & Flails
  3275 | D:3      | Noticed Natasha
  3276 | D:3      | Noticed Ijyb
  3283 | D:3      | Killed Natasha
  3288 | D:3      | Killed Ijyb
  3288 | D:3      | Reached XP level 6. HP: 31/37 MP: 6/6
  3672 | D:3      | Noticed Natasha
  3677 | D:3      | Killed Natasha
  4578 | D:3      | Reached skill level 1 in Stealth
  5672 | D:4      | Noticed an ogre
  5681 | D:4      | Killed an ogre
  5825 | D:4      | Noticed an ogre
  5837 | D:4      | Killed an ogre
  5837 | D:4      | Reached XP level 7. HP: 5/42 MP: 7/7
  6105 | D:5      | Entered Level 5 of the Dungeon
  6247 | D:5      | Noticed Natasha
  6256 | D:5      | Killed Natasha
  6690 | D:5      | Reached skill level 5 in Maces & Flails
  6693 | D:5      | Got an ancient quarterstaff
  6694 | D:5      | Identified the cursed +3 quarterstaff "Buit" {crush, +Blink rC- Dex+2} (You found it on level 5 of the Dungeon)
  6701 | D:5      | Found Xoucad's Gadget Shoppe.
  6964 | D:5      | Found an opulent altar of Gozag.
  6979 | D:5      | Reached XP level 8. HP: 14/48 MP: 8/8
  6993 | D:5      | HP: 1/48 [gnoll/spear (4)]
  7513 | D:5      | Reached skill level 5 in Dodging
  7787 | D:5      | Found a shimmering altar of Xom.
  7789 | D:5      | Found an ancient bone altar of Kikubaaqudgha.
  7791 | D:5      | Found a white marble altar of Elyvilon.
  7792 | D:5      | Found a blossoming altar of Fedhas.
  7793 | D:5      | Found a deep blue altar of Sif Muna.
  7795 | D:5      | Got a pair of shimmering gloves
  7813 | D:5      | Identified the cursed +0 pair of gloves of the Devil {rF+ Slay+3} (You found it on level 5 of the Dungeon)
  7945 | D:6      | Reached skill level 1 in Staves
  7982 | D:6      | Reached skill level 5 in Fighting
  8523 | D:7      | Found a staircase to the Ecumenical Temple.
  8533 | Temple   | Entered the Ecumenical Temple
  8671 | Temple   | Became a worshipper of Nemelex Xobeh the Trickster
  8735 | D:7      | Gained mutation: Your skin changes colour to match your surroundings (Stealth). [potion of mutation]
  8735 | D:7      | Gained mutation: Your body sometimes deteriorates upon taking damage. [potion of mutation]
  8735 | D:7      | Gained mutation: You have supernaturally acute eyesight. [potion of mutation]
  8736 | D:7      | Slain by a spriggan baker

Action                   |  1- 3 |  4- 6 |  7- 9 || total
-------------------------+-------+-------+-------++-------
Melee: Flail             |   156 |   385 |   107 ||   648
       Quarterstaff      |       |       |   157 ||   157
Throw: Throwing net      |       |     2 |     2 ||     4
  Use: Scroll            |       |       |     4 ||     4
       Potion            |       |       |     4 ||     4
 Stab: Sleeping          |       |     1 |     7 ||     8
       Distracted        |       |     2 |       ||     2
       Held in net/web   |       |       |     1 ||     1
  Eat: Chunk             |     2 |    12 |     5 ||    19
       Beef jerky        |       |     1 |       ||     1
       Meat ration       |       |       |     1 ||     1
